 Dungeon Crawl Stone Soup version 0.21.1-1-g345015f (webtiles) character file.

5804 Kairos the Geomancer (level 10, -6/58 HPs)
             Began as a Gargoyle Earth Elementalist on Mar 26, 2018.
             Was a Priest of Sif Muna.
             Mangled by a troll (8 damage)
             ... on level 10 of the Dungeon.
             The game lasted 00:35:46 (11915 turns).

Kairos the Geomancer (Gargoyle Earth Elementalist) Turns: 11915, Time: 00:35:52

Health: -6/58      AC: 16    Str: 17    XL:     10   Next: 79%
Magic:  3/21       EV: 12    Int: 15    God:    Sif Muna [***...]
Gold:   547        SH:  0    Dex: 11    Spells: 20/24 levels left

rFire    . . .     SeeInvis .   G - +0 morningstar
rCold    . . .     Gourm    .   (no shield)
rNeg     + . .     Faith    .   r - +0 ring mail
rPois    ∞         Spirit   .   g - +1 helmet
rElec    +         Reflect  .   (no cloak)
rCorr    .         Harm     .   (no gloves)
MR       +....                  y - +0 pair of boots
Stlth    ++........             (no amulet)
HPRegen  0.19/turn              u - +2 ring of strength
MPRegen  0.17/turn              J - ring of protection from magic

@: about to teleport
A: negative energy resistance 1, electricity resistance, unbreathing,
petrification resistance, rot immunity, AC +7
a: Divine Energy, Channel Magic, Renounce Religion


You were on level 10 of the Dungeon.
You worshipped Sif Muna.
Sif Muna was most pleased with you.
You were not hungry.

You visited 1 branch of the dungeon, and saw 10 of its levels.

You collected 547 gold pieces.

Inventory:

Hand Weapons
 m - a +0 whip
 v - a +0 flail
 E - a +4 mace of holy wrath
 G - a +0 morningstar (weapon)
Missiles
 b - 320 stones (quivered)
Armour
 g - a +1 helmet (worn)
 r - a +0 ring mail (worn)
 y - a +0 pair of boots (worn)
 K - a +2 leather armour of poison resistance
Jewellery
 k - a +2 ring of strength
 u - a +2 ring of strength (left hand)
 w - a +1 ring of protection
 J - a ring of protection from magic (right hand)
Wands
 c - a wand of acid (3)
 A - a wand of iceblast (7)
 I - a wand of clouds (4)
Scrolls
 j - 2 scrolls of remove curse
 l - a scroll of immolation
 n - 2 scrolls of fog
 o - 4 scrolls of amnesia
 p - 4 scrolls of teleportation
 s - 2 scrolls of enchant armour
 x - a scroll of fear {unknown}
 B - a scroll of identify
 D - a scroll of magic mapping
 F - a scroll of blinking {unknown}
 H - a scroll of torment {unknown}
Potions
 a - a potion of cancellation {unknown}
 f - 2 potions of flight {unknown}
 h - a potion of haste
 i - 3 potions of berserk rage
 q - a potion of degeneration {unknown}
 t - a potion of agility {unknown}
 z - 3 potions of might
 C - 4 potions of curing {unknown}
 L - 2 potions of magic {unknown}
 M - a potion of invisibility {unknown}
Books
 e - a book of Geomancy

   Spells                             Type                      Level
   a - Sandblast                      Earth                        1
   b - Passwall                       Transmutation/Earth          2
   c - Stone Arrow                    Conjuration/Earth            3
   d - Petrify                        Transmutation/Earth          4
   e - Lee's Rapid Deconstruction     Earth                        5
Comestibles
 d - 18 rations
 N - 3 chunks of flesh


   Skills:
 + Level 4.7 Fighting
 + Level 7.2 Maces & Flails
 + Level 4.7 Armour
 + Level 4.1 Dodging
 + Level 3.5 Stealth
 + Level 7.8 Spellcasting
 + Level 2.7 Conjurations
   Level 0.7 Transmutations
 + Level 9.4 Earth Magic
 + Level 1.0 Evocations


You had 20 spell levels left.
You knew the following spells:

 Your Spells              Type           Power        Failure   Level  Hunger
a - Sandblast             Erth           ####..       1%          1    None
b - Stone Arrow           Conj/Erth      ###...       5%          3    ##.....


Dungeon Overview and Level Annotations

Branches:
Dungeon (10/15)            Temple (0/1) D:4            Lair (0/6) D:8
    Orc: D:9-12

Altars:
Ashenzari
Cheibriados
Dithmenos
Elyvilon
Fedhas
Gozag
Hepliaklqana
Kikubaaqudgha
Qazlal
Sif Muna
Yredelemnul
Zin
The Shining One


Innate Abilities, Weirdness & Mutations

You are resistant to torment.
Your stone body is resilient. (AC +7)
You are immune to poison.
You resist negative energy. (rN+)
You are resistant to electric shocks. (rElec)
You can survive without breathing.
You are immune to petrification.
You are immune to rotting.


Message History

You closely miss the troll.
The troll is heavily wounded.
The killer bee barely misses you.
The killer bee stings you but does no damage.
The troll bites you!
* * * LOW HITPOINT WARNING * * *
The troll claws you but does no damage. x2
You fail to use your ability.
The killer bee stings you but does no damage.
The killer bee stings you.
* * * LOW HITPOINT WARNING * * *
The troll bites you but does no damage. The troll claws you but does no damage.
The troll barely misses you.
As you read the scroll of teleportation, it crumbles to dust.
You feel strangely unstable.
The killer bee stings you but does no damage. x2
The troll closely misses you. The troll claws you.
* * * LOW HITPOINT WARNING * * *
The troll claws you!
You die...

#########..........
.. #..######## .#
#..# #..# #####..#
#......# #..##..#
## #..######## +.
#..#..@T$.#
#..#..#..#y8.#
#..#..#..#lcW#
####..#..#..#####
......#..#......#
......#..#......#
..#####..#####..#
......#..#......#
.....#..#......#


You could see a troll, a phantom, a centaur, a killer bee and a leopard gecko.

Vanquished Creatures
  2 two-headed ogres (D:8)
  The ghost of Tr0llz0r the Slasher, an amateur DsAK of Lugonu (D:4)
  2 trolls
  A hornet (D:9)
  A hungry ghost (D:9)
  A soldier ant (D:9)
  An ice beast (D:8)
  3 orc warriors
  4 sky beasts
  A phantom (D:10)
  2 wolves (D:8)
  5 ogres
  2 centaurs
  A big kobold (D:7)
  4 bullfrogs
  A wyvern skeleton (D:9)
  5 scorpions
  2 howler monkeys
  3 electric eels (D:8)
  A crimson imp (D:5)
  A quasit (D:4)
  3 bullfrog zombies
  2 centaur skeletons
  A gnoll shaman (D:8)
  3 orc priests (D:6)
  10 hounds
  6 worker ants
  2 orc wizards (D:6)
  2 hound skeletons
  A howler monkey zombie (D:7)
  6 gnolls
  8 adders
  2 shadow imps (D:10)
  An ooze (D:4)
  An adder zombie (D:5)
  3 adder skeletons
  4 worms
  6 dart slugs
  6 leopard geckos
  23 orcs
  4 giant cockroaches
  4 goblins
  4 hobgoblins
  4 jackals (D:2)
  12 kobolds
  4 quokkas
  A ball python (D:3)
  3 bats
  4 frilled lizards
  6 rats
  A rat zombie (D:3)
181 creatures vanquished.

Notes
Turn   | Place    | Note
-------+----------+-------------------------------------------
     0 | D:1      | Kairos the Gargoyle Earth Elementalist began the quest for the Orb.
     0 | D:1      | Reached XP level 1. HP: 10/10 MP: 3/3
   205 | D:1      | Reached skill level 4 in Earth Magic
   282 | D:1      | Reached XP level 2. HP: 15/15 MP: 0/5
   632 | D:2      | Found a stormy altar of Qazlal.
   739 | D:2      | Reached XP level 3. HP: 9/19 MP: 1/6
  1054 | D:2      | Found a blossoming altar of Fedhas.
  1135 | D:2      | Reached XP level 4. HP: 6/24 MP: 3/7
  1851 | D:2      | Found a hazy altar of Hepliaklqana.
  2249 | D:3      | Found a deep blue altar of Sif Muna.
  2256 | D:3      | Became a worshipper of Sif Muna the Loreminder
  2267 | D:3      | Reached skill level 1 in Fighting
  2273 | D:3      | Reached skill level 1 in Maces & Flails
  2432 | D:3      | Reached skill level 5 in Earth Magic
  2444 | D:3      | Reached XP level 5. HP: 24/29 MP: 2/9
  2874 | D:3      | Found a snail-covered altar of Cheibriados.
  2983 | D:3      | Found an ancient bone altar of Kikubaaqudgha.
  3118 | D:4      | Reached skill level 1 in Armour
  3185 | D:4      | Found a shattered altar of Ashenzari.
  3287 | D:4      | Noticed an ogre
  3288 | D:4      | Noticed Tr0llz0r's ghost (amateur DsAK)
  3325 | D:4      | Killed an ogre
  3325 | D:4      | Reached XP level 6. HP: 34/34 MP: 7/10
  3595 | D:4      | Found a shadowy altar of Dithmenos.
  3925 | D:4      | Found a staircase to the Ecumenical Temple.
  4436 | D:5      | Entered Level 5 of the Dungeon
  4476 | D:5      | Reached XP level 7. HP: 17/38 MP: 7/12
  4533 | D:5      | Reached skill level 6 in Earth Magic
  4622 | D:4      | Killed Tr0llz0r's ghost
  4965 | D:5      | Found an opulent altar of Gozag.
  5443 | D:6      | Reached XP level 8. HP: 44/44 MP: 14/14
  5689 | D:6      | Reached skill level 1 in Evocations
  5702 | D:6      | Found a white marble altar of Elyvilon.
  5710 | D:6      | Reached * piety under Sif Muna
  5949 | D:6      | Found a glowing silver altar of Zin.
  5979 | D:6      | Reached skill level 7 in Earth Magic
  6130 | D:6      | Reached skill level 5 in Spellcasting
  6574 | D:6      | Found a white marble altar of Elyvilon.
  6630 | D:6      | Found a basalt altar of Yredelemnul.
  6767 | D:6      | Found a glowing golden altar of the Shining One.
  7715 | D:8      | Reached ** piety under Sif Muna
  7715 | D:8      | Reached XP level 9. HP: 13/50 MP: 14/17
  7954 | D:8      | Noticed a troll
  7982 | D:8      | Killed a troll
  8388 | D:8      | Reached skill level 8 in Earth Magic
  8398 | D:8      | Learned a level 3 spell: Stone Arrow
  8593 | D:8      | Noticed a two-headed ogre
  8606 | D:8      | Killed a two-headed ogre
  8606 | D:8      | Reached skill level 5 in Maces & Flails
  9019 | D:8      | Noticed a two-headed ogre
  9031 | D:8      | Killed a two-headed ogre
  9031 | D:8      | Reached *** piety under Sif Muna
  9031 | D:8      | Reached skill level 1 in Conjurations
  9031 | D:8      | Reached skill level 9 in Earth Magic
  9031 | D:8      | Reached XP level 10. HP: 3/57 MP: 2/20
  9766 | D:8      | Found a staircase to the Lair.
 11424 | D:10     | Entered Level 10 of the Dungeon
 11915 | D:10     | HP: 2/58 [troll (4)]
 11915 | D:10     | Mangled by a troll

Skill      XL: |  1  2  3  4  5  6  7  8  9 10 |
---------------+-------------------------------+-----
Earth Magic    | 4 5 6 7 9 |  9.4
Fighting       | 1 2 3 4 |  4.7
Maces & Flails | 1 2 3 4 6 7 |  7.2
Dodging        | 2 3 4 |  4.1
Spellcasting   | 3 4 5 7 |  7.8
Armour         | 1 2 3 4 |  4.7
Evocations     | 1 |  1.0
Stealth        | 3 |  3.5
Conjurations   | 1 2 |  2.7
Transmutations | |  0.7

Action                   |  1- 3 |  4- 6 |  7- 9 | 10-12 || total
-------------------------+-------+-------+-------+-------++-------
Melee: Whip              |    65 |    27 |       |       ||    92
       Flail             |       |   154 |    45 |       ||   199
       Morningstar       |       |       |    72 |   127 ||   199
 Cast: Sandblast         |    24 |    79 |    86 |       ||   189
       Stone Arrow       |       |       |    18 |    82 ||   100
Evoke: Wand              |       |       |     6 |       ||     6
  Use: Scroll            |       |     4 |     5 |     2 ||    11
 Stab: Sleeping          |     1 |     1 |     1 |       ||     3
  Eat: Chunk             |     1 |     8 |    14 |     4 ||    27
       Ration            |       |     1 |       |     3 ||     4
Armor: Robe              |    27 |     8 |       |       ||    35
       Ring mail         |       |   129 |       |    99 ||   228
       Leather armour    |       |    18 |    69 |    15 ||   102
Dodge: Dodged            |    43 |   174 |   129 |   112 ||   458
